 Dungeon Crawl Stone Soup version 0.21-a0-414-gba8bdf1 (webtiles) character file.

3966 Laiders the Digger (level 10, -2/60 HPs)
             Began as a Gargoyle Earth Elementalist on Nov 2, 2017.
             Was a Priest of Vehumet.
             Slain by a death yak (19 damage)
             ... on level 8 of the Dungeon on Nov 3, 2017.
             The game lasted 00:35:26 (9092 turns).

Laiders the Digger (Gargoyle Earth Elementalist)    Turns: 9092, Time: 00:35:27

Health: -2/60      AC: 10    Str: 12    XL:     10   Next: 22%
Magic:  0/17       EV: 14    Int: 19    God:    Vehumet [***...]
Gold:   267        SH:  0    Dex: 10    Spells: 10/19 levels left

rFire    . . .     SeeInvis .   w - +2 whip (flame)
rCold    + . .     Gourm    .   (no shield)
rNeg     + . .     Faith    .   t - +1 robe of Shielding {rC+ Stlth+}
rPois    ∞         Spirit   .   (no helmet)
rElec    +         Reflect  .   (no cloak)
rCorr    .         Harm     .   (no gloves)
MR       +....                  (no boots)
Stlth    +++.......             (no amulet)
HPRegen  0.20/turn              v - ring of protection from magic
MPRegen  0.15/turn              (no ring)

@: berserk cooldown, hasted and slowed
A: negative energy resistance 1, electricity resistance, unbreathing,
petrification resistance, rot immunity, AC +7
a: Renounce Religion


You were on level 8 of the Dungeon.
You worshipped Vehumet.
Vehumet was most pleased with you.
You were not hungry.

You visited 1 branch of the dungeon, and saw 8 of its levels.

You collected 267 gold pieces.

Inventory:

Hand Weapons
 w - a +2 whip of flaming (weapon)
 x - a +2 mace of draining
 y - a +0 dire flail
Missiles
 b - 48 stones (quivered)
Armour
 t - the +1 robe of Shielding (worn) {rC+ Stlth+}
   (You found it on level 4 of the Dungeon)

   It protects you from cold.
   It makes you more stealthy.
Jewellery
 q - an uncursed ring of ice
 v - a ring of protection from magic (left hand)
Wands
 s - a wand of flame (16/48)
 B - a wand of confusion (15/48)
Scrolls
 c - a scroll of random uselessness {unknown}
 f - 2 scrolls of enchant armour {unknown}
 g - a scroll of teleportation {unknown}
 i - a scroll of identify
 j - 8 scrolls of remove curse
 k - a scroll of fog {unknown}
 m - a scroll of magic mapping
 n - 5 scrolls of fear
 u - a scroll of amnesia {unknown}
Potions
 a - 2 potions of might {unknown}
 p - a potion of haste
 r - a potion of lignification
 A - a potion of agility {unknown}
Books
 e - a book of Geomancy

   Spells                             Type                      Level
   a - Sandblast                      Earth                        1
   b - Passwall                       Transmutation/Earth          2
   c - Stone Arrow                    Conjuration/Earth            3
   d - Petrify                        Transmutation/Earth          4
   e - Lee's Rapid Deconstruction     Earth                        5
 z - a book of Changes

   Spells                             Type                      Level
   a - Beastly Appendage              Transmutation                1
   b - Sticks to Snakes               Transmutation                2
   c - Spider Form                    Transmutation/Poison         3
   d - Ice Form                       Ice/Transmutation            4
   e - Blade Hands                    Transmutation                5
Comestibles
 d - 5 bread rations
 o - 4 fruits
 C - 4 chunks of flesh


   Skills:
 - Level 6.0 Fighting
 + Level 5.8 Maces & Flails
 - Level 6.0 Armour
 + Level 5.1 Dodging
 - Level 2.1 Stealth
 - Level 5.0 Spellcasting
 - Level 5.1 Conjurations
   Level 0.7 Transmutations
 - Level 7.0 Earth Magic


You had 10 spell levels left.
You knew the following spells:

 Your Spells              Type           Power        Failure   Level  Hunger
a - Sandblast             Erth           ####..       1%          1    None
b - Stone Arrow           Conj/Erth      ####..       1%          3    ##.....
c - Lee's Rapid Deconstr  Erth           ####......   5%          5    ######.


Dungeon Overview and Level Annotations

Branches:
Dungeon (8/15)             Temple (0/1) D:5
   Lair: D:8-11

Altars:
Cheibriados
Dithmenos
Nemelex Xobeh
Ru
Sif Muna
Trog
Uskayaw
Vehumet
Xom
Zin


Innate Abilities, Weirdness & Mutations

You are resistant to torment.
Your stone body is resilient. (AC +7)
You are immune to poison.
You resist negative energy. (rN+)
You are resistant to electric shocks. (rElec)
You can survive without breathing.
You are immune to petrification.
You are immune to rotting.


Message History

The bullfrog snags a nearby blue-tailed skink with its tongue.
Casting: Sandblast
Confirm with . or Enter, or press ? or * to list all spells.
Aiming: Sandblast
Press: ? - help, Shift-Dir - straight line, f/p - death yak
Aim: a death yak (almost dead)
The blast of sand hits the death yak.
The death yak is almost dead.
b - 48 stones The death yak barely misses you.
You hit the death yak but do no damage.
The death yak is almost dead.
The death yak misses you.
You hit the death yak but do no damage.
The death yak is almost dead.
The death yak completely misses you.
You hit the death yak but do no damage.
The death yak is almost dead.
The death yak gores you!!
You die...

,,,+,,,,,,,* #....#....###)# ##
****,,,,,,,* *#...#........# #.
,,,,,,,,,,,* #...#...####### #.
,**,********** *#............# #.
,,****,*,*,*,* ##.....####...# ##
,**,,+*,*,**,**#......####...# #
,**,,*,*,*,,,,,+.............#
,******,*,**,*,#......########***
,,,,********,*,#@......#,,,,,,,,,
,*,,,,,,,,,,,*,#Y###...#,#*##****
,*,**,,,,,**,*,#F# #...#.#...,,,,
,,,,,,,,,,**,*,#Z# #.........,**,
,*,*,,,,,,**,#.#.###..#....##,**,
,*,*+*******,#.............#*,*#'
,*,,,,,,* *,#........#....#*....
,*,,,,,,* #..........####+#*....
**,,,,,,* #.....8...>...,,,*....


You could see a death yak, a bullfrog and a bullfrog skeleton.

Vanquished Creatures
  A two-headed ogre (D:8)
  Pikel (D:6)
  A hippogriff (D:8)
  Eustachio (D:4)
  A slave (D:6)
  A yak (D:8)
  2 orc warriors (D:7)
  3 ice beasts
  2 ogres
  2 phantoms
  Blork the orc (D:6)
  A bullfrog (D:6)
  2 scorpions
  3 howler monkeys
  A wight (D:8)
  2 electric eels (D:4)
  4 crimson imps
  3 bullfrog zombies
  2 bullfrog skeletons (D:6)
  5 orc priests
  A jelly (D:8)
  2 orc wizards
  3 iguanas
  Natasha (thrice) (D:4)
  6 worker ants
  A killer bee zombie (D:7)
  A hound skeleton (D:5)
  3 worker ant zombies
  10 gnolls
  9 adders
  A hound simulacrum (D:8)
  2 white imps (D:8)
  A worker ant simulacrum (D:8)
  An ooze (D:1)
  2 adder skeletons
  A dart slug (D:2)
  3 leopard geckos
  25 orcs
  2 ball pythons
  9 bats
  6 giant cockroaches
  7 goblins
  9 hobgoblins
  8 jackals
  3 quokkas
  8 frilled lizards
  10 kobolds
  A leopard gecko skeleton (D:4)
  A quokka skeleton (D:4)
  A quokka zombie (D:5)
  14 rats
193 creatures vanquished.

Vanquished Creatures (others)
  A sky beast (D:6)
  A slave (D:6)
  An adder (D:6)
3 creatures vanquished.

Grand Total: 196 creatures vanquished

Notes
Turn   | Place    | Note
-------+----------+-------------------------------------------
     0 | D:1      | Laiders the Gargoyle Earth Elementalist began the quest for the Orb.
     0 | D:1      | Reached XP level 1. HP: 10/10 MP: 3/3
    88 | D:1      | Reached XP level 2. HP: 15/15 MP: 0/5
   127 | D:1      | Reached skill level 4 in Earth Magic
   692 | D:1      | Reached XP level 3. HP: 19/19 MP: 4/6
   965 | D:1      | Learned a level 3 spell: Stone Arrow
  1414 | D:2      | Reached XP level 4. HP: 19/24 MP: 3/8
  1418 | D:2      | Reached skill level 1 in Conjurations
  1647 | D:2      | Reached skill level 5 in Earth Magic
  1662 | D:2      | Found a snail-covered altar of Cheibriados.
  1893 | D:2      | Reached XP level 5. HP: 28/28 MP: 7/10
  1924 | D:2      | Learned a level 5 spell: Lee's Rapid Deconstruction
  2054 | D:2      | Found a radiant altar of Vehumet.
  2062 | D:2      | Became a worshipper of Vehumet
  2858 | D:3      | Noticed an ogre
  2863 | D:3      | Killed an ogre
  2863 | D:3      | Reached XP level 6. HP: 32/32 MP: 2/11
  2868 | D:3      | Reached * piety under Vehumet
  2868 | D:3      | Offered knowledge of Magic Dart by Vehumet.
  3229 | D:4      | Noticed Eustachio
  3241 | D:4      | Killed Eustachio
  3241 | D:4      | Reached skill level 6 in Earth Magic
  3241 | D:4      | Reached XP level 7. HP: 36/36 MP: 6/13
  3492 | D:4      | Found a bloodstained altar of Trog.
  3593 | D:4      | Found a transporter.
  3607 | D:4      | Found a transporter.
  3636 | D:4      | Found a sparkling altar of Nemelex Xobeh.
  3740 | D:4      | Noticed Natasha
  3746 | D:4      | Killed Natasha
  3824 | D:4      | Got a transparent robe
  3835 | D:4      | Identified the +1 robe of Shielding {rC+ Stlth+} (You found it on level 4 of the Dungeon)
  3953 | D:4      | Noticed Natasha
  3955 | D:4      | Killed Natasha
  4051 | D:4      | Noticed Natasha
  4063 | D:4      | Killed Natasha
  4072 | D:4      | Found a shimmering altar of Xom.
  4488 | D:5      | Entered Level 5 of the Dungeon
  4553 | D:5      | Reached skill level 7 in Earth Magic
  4680 | D:5      | Reached skill level 5 in Spellcasting
  5047 | D:5      | Found a sacrificial altar of Ru.
  5054 | D:5      | Reached skill level 5 in Conjurations
  5163 | D:5      | Offered knowledge of Throw Frost by Vehumet.
  5186 | D:5      | Reached ** piety under Vehumet
  5186 | D:5      | Reached XP level 8. HP: 42/42 MP: 7/15
  5223 | D:5      | Reached skill level 1 in Fighting
  5223 | D:5      | Reached skill level 1 in Maces & Flails
  5223 | D:5      | Reached skill level 1 in Armour
  5576 | D:5      | Found a staircase to the Ecumenical Temple.
  5764 | D:5      | Found a hide-covered altar of Uskayaw.
  5975 | D:6      | Found a deep blue altar of Sif Muna.
  6053 | D:6      | Noticed Pikel
  6068 | D:6      | Killed Pikel
  6147 | D:6      | Offered knowledge of Ignite Poison by Vehumet.
  6235 | D:6      | Noticed Blork the orc
  6238 | D:6      | Reached XP level 9. HP: 51/51 MP: 9/16
  6247 | D:6      | Killed Blork the orc
  7479 | D:7      | Reached *** piety under Vehumet
  7941 | D:7      | Reached skill level 5 in Fighting
  7941 | D:7      | Reached skill level 5 in Armour
  8566 | D:7      | Found a glowing silver altar of Zin.
  8567 | D:7      | Noticed an angel
  8750 | D:8      | Noticed a two-headed ogre
  8781 | D:8      | Killed a two-headed ogre
  8781 | D:8      | Reached skill level 5 in Maces & Flails
  8781 | D:8      | Reached XP level 10. HP: 12/60 MP: 1/17
  8797 | D:8      | Offered knowledge of Conjure Flame by Vehumet.
  8935 | D:8      | Found a shadowy altar of Dithmenos.
  8997 | D:8      | Reached skill level 5 in Dodging
  9055 | D:8      | Noticed a death yak
  9079 | D:8      | HP: 1/90 [death yak (14)]
  9092 | D:8      | Slain by a death yak

Vault maps used:
D:1:      tarquinn_simple_flora_water_f
D:2:      lemuel_round_altar, nicolae_overflow_crystal_walls,
          nicolae_overflow_hidden_temple
D:3:      first_bread, minivault_11
D:4:      gammafunk_steamed_eel, overflow_temple_1_default, old_standard_altar,
          nemelex_spade_bored_becter, uniq_natasha, uniq_eustachio
D:5:      lemuel_round_altar, lemuel_round_altar, minmay_temple_entry_trees
D:6:      overflow_temple_1_default, kennysheep_generic_room_12,
          uniq_blork_the_orc, uniq_pikel
D:7:      zin_angel
D:8:      lemuel_round_altar, serial_ice, serial_ice_b, serial_ice_j,
          serial_ice_d, serial_ice_n, serial_ice_c, serial_ice_f, serial_ice_h,
          enter_ossuary_2, serial_shops, shop, hangedman_pestilent_swarm,
          st_stairs_4, moated_statue

Skill      XL: |  1  2  3  4  5  6  7  8  9 10 |
---------------+-------------------------------+-----
Earth Magic    | 4 5 6 7 |  7.0
Spellcasting   | 3 4 5 |  5.0
Conjurations   | 1 2 3 5 |  5.1
Fighting       | 3 5 6 |  6.0
Maces & Flails | 3 5 |  5.8
Armour         | 3 6 |  6.0
Dodging        | 3 4 5 |  5.1
Stealth        | |  2.1
Transmutations | |  0.7

Action                   |  1- 3 |  4- 6 |  7- 9 | 10-12 || total
-------------------------+-------+-------+-------+-------++-------
Melee: Unarmed           |    17 |       |       |       ||    17
       Whip              |    13 |    56 |   195 |    35 ||   299
 Cast: Sandblast         |    52 |    54 |    46 |     8 ||   160
       Stone Arrow       |       |    10 |    89 |    11 ||   110
       Lee's Rapid Decon |       |       |     7 |       ||     7
  Use: Scroll            |       |     2 |     7 |     1 ||    10
       Potion            |       |       |     2 |     3 ||     5
 Stab: Sleeping          |       |     3 |       |       ||     3
  Eat: Chunk             |     2 |     7 |    22 |       ||    31
       Bread ration      |       |       |     1 |       ||     1
Armor: Robe              |    24 |    22 |    81 |     6 ||   133
Dodge: Dodged            |    37 |    49 |   166 |    15 ||   267

Table legend:
 A = Spawn XP
 B = Non-spawn XP
 C = Spawn XP percentage of total XP
 D = Spawn monster count
 E = Non-spawn monster count
 F = Spawn count percentage of total count
 G = Total turns spent on level
                    A         B        C        D         E        F      G
               +---------+---------+-------+---------+---------+-------+---------
         Total |       0 |    5667 |   0.0 |       0 |     192 |   0.0 |  9092
               +---------+---------+-------+---------+---------+-------+---------
           D:1 |       0 |      49 |   0.0 |       0 |      27 |   0.0 |  1141
           D:2 |       0 |     142 |   0.0 |       0 |      35 |   0.0 |  1144
           D:3 |       0 |     233 |   0.0 |       0 |      27 |   0.0 |   895
           D:4 |       0 |     563 |   0.0 |       0 |      18 |   0.0 |  1605
           D:5 |       0 |     629 |   0.0 |       0 |      29 |   0.0 |  1071
           D:6 |       0 |    1191 |   0.0 |       0 |      16 |   0.0 |  1106
           D:7 |       0 |    1056 |   0.0 |       0 |      24 |   0.0 |  1722
           D:8 |       0 |    1804 |   0.0 |       0 |      16 |   0.0 |   408
               +---------+---------+-------+---------+---------+-------+---------
